 Dungeon Crawl Stone Soup version 0.29.0-4-gdea44cf6ec (webtiles) character file.

Game seed: 5215447655276294763

349 qw the Chopper (level 6, -3/36 HPs)
             Began as a Tengu Warper on Aug 28, 2022.
             Slain by an orc wizard
             ... wielding a +0 dagger
              (4 damage)
             ... on level 3 of the Dungeon.
             The game lasted 00:00:13 (2658 turns).

qw the Chopper (Tengu Warper)                       Turns: 2658, Time: 00:00:14

Health: -3/36      AC:  3    Str: 13    XL:     6   Next: 60%
Magic:  10/10      EV: 18    Int: 13    God:
Gold:   152        SH:  0    Dex: 14    Spells: 9/9 levels left

rFire   . . .      SeeInvis +   Y - +1 hand axe
rCold   . . .      Faith    .   (no shield)
rNeg    . . .      Spirit   .   h - +0 leather armour {rPois}
rPois   +          Reflect  .   (helmet restricted)
rElec   .          Harm     .   (no cloak)
rCorr   .          Rampage  .   (no gloves)
Will    .....                   (boots unavailable)
Stlth   +.........              (no amulet)
HPRegen 0.12/turn               g - ring of see invisible
MPRegen 0.12/turn               f - +4 ring of evasion

@: flying quickly and evasively, quick
A: beak, talons 3, nimble flight
a: no special abilities


You were on level 3 of the Dungeon.
You visited 1 branch of the dungeon, and saw 3 of its levels.

You collected 152 gold pieces.


Innate Abilities, Weirdness & Mutations

You have a beak for a mouth.
You have claws for feet.
Your magical nature lets you fly swiftly and evasively.


   Skills:
 + Level 2.6 Fighting
 - Level 7.2 Axes
 - Level 1.0 Throwing
 - Level 1.1 Armour
 - Level 2.1 Dodging
 - Level 2.0 Spellcasting
 - Level 2.4 Translocations


You had 9 spell levels left.
You didn't know any spells.
Your spell library contained the following spells:

 Spells                   Type           Power      Damage    Failure   Level
 Blink                    Tloc           14%        N/A       19%         2
 Gell's Gravitas          Tloc           7%         N/A       36%         3
 Lesser Beckoning         Tloc           7%         N/A       36%         3
 Teleport Other           Tloc           7%         N/A       36%         3
 Manifold Assault         Tloc           7%         N/A       98%         5

Inventory:

Hand Weapons
 n - a +1 morningstar of protection
 Y - a +1 hand axe (weapon)
Missiles
 d - 3 boomerangs (quivered)
Armour
 h - a +0 leather armour of poison resistance (worn)
 j - a +1 leather armour of fire resistance
 k - a +0 ring mail
Jewellery
 b - a +6 ring of strength
 f - a +4 ring of evasion (right hand)
 g - a ring of see invisible (left hand)
Scrolls
 c - a scroll of noise {unknown}
Potions
 a - a potion of lignification {unknown}
 e - a potion of magic {unknown}
 i - a potion of degeneration {unknown}
 l - 2 potions of curing
 m - a potion of resistance {unknown}

Dungeon Overview and Level Annotations

Branches:
Dungeon (3/15)

Altars:


Message History

You hit the orc wizard. The orc priest barely misses you.
The orc wizard closely misses you.
The orc priest invokes the aid of Beogh against you.
Beogh smites you!
You hit the orc priest.
You kill the orc priest!
You hit the orc wizard. The orc wizard closely misses you.
You hit the orc wizard but do no damage.
You claw the orc wizard, but do no damage.
The orc wizard is moderately wounded.
The orc wizard closely misses you.
You closely miss the orc wizard. Your kick misses the orc wizard.
The orc wizard is moderately wounded.
You hit the orc priest. The orc priest misses you.
The orc wizard barely misses you.
You hit the orc wizard. Your kick misses the orc wizard.
You peck the orc wizard.
The orc wizard is heavily wounded.
You hit the orc priest.
The orc priest hits you with a +0 hand axe.
The orc wizard casts a spell at you. The puff of flame hits you!
You closely miss the orc wizard. You claw the orc wizard.
The orc wizard is almost dead.
You barely miss the orc priest. The orc priest closely misses you.
The orc wizard barely misses you.
You closely miss the orc wizard.
You peck the orc wizard, but do no damage.
The orc wizard is almost dead.
You hit the orc priest. The orc priest barely misses you.
The orc wizard points at you and mumbles some strange words.
The puff of flame hits you!
You hit the orc wizard.
The orc wizard is almost dead.
You hit the orc priest but do no damage.
The orc priest barely misses you.
The orc wizard hits you with a +0 dagger.
You die...

#.####.# #......#
#.####.# #.####.#
#....#.###############
####'#...............#
#...................#
#...........%.).....#
#......#####..@o....#
#......# #...o......
#....).#####..........
#....>.'...+..........
#......#####..........
###+#'## ######....#
#.# ....# #.######
##### #.#.##...#


You could see an orc priest and an orc wizard (invisible).

Vanquished Creatures
  Sigmund (D:2)
  An ogre (D:3)
  An orc priest (D:3)
  3 adders
  A worm (D:2)
  2 dart slugs
  2 orcs (D:3)
  3 bats (D:2)
  5 endoplasms
  3 giant cockroaches (D:2)
  2 goblins
  4 hobgoblins
  4 jackals (D:2)
  2 kobolds (D:1)
  8 ball pythons
  3 frilled lizards
  A rat (D:1)
46 creatures vanquished.

Notes
Turn   | Place    | Note
-------+----------+-------------------------------------------
     0 | D:1      | qw the Tengu Warper began the quest for the Orb.
     0 | D:1      | Reached XP level 1. HP: 12/12 MP: 4/4
     0 | D:1      | 0 ||| qw: Version: 0.1-a-89-g26bdef1
     0 | D:1      | 0 ||| qw: Game counter: 3265
     0 | D:1      | 0 ||| qw: Always use a shield: true
     0 | D:1      | 0 ||| qw: God list: Okawaru
     0 | D:1      | 0 ||| qw: Allow faded altars: false
     0 | D:1      | 0 ||| qw: Do Orc after D:15 true
     0 | D:1      | 0 ||| qw: Do second Lair branch before Depths: true
     0 | D:1      | 0 ||| qw: Lair rune preference: random
     0 | D:1      | 0 ||| qw: Plans: Normal
     0 | D:1      | 0 ||| PLANNING D:1-11
    63 | D:1      | 63 ||| Stepping ~*~*~tactically~*~*~ (stealth).
    69 | D:1      | 69 ||| Stepping ~*~*~tactically~*~*~ (stealth).
   312 | D:1      | Reached XP level 2. HP: 17/17 MP: 6/6
   357 | D:1      | Reached skill level 3 in Axes
   964 | D:1      | Found a faded altar of an unknown god.
  1081 | D:1      | 1081 ||| DROPPING orb of light.
  1082 | D:1      | 1082 ||| UPGRADING to +0 leather armour of poison
                  | resistance.
  1092 | D:1      | 1092 ||| DROPPING +0 leather armour.
  1093 | D:1      | 1093 ||| UPGRADING to ring of see invisible.
  1094 | D:1      | 1094 ||| UPGRADING to +6 ring of strength.
  1095 | D:1      | 1095 ||| READING scroll labelled IVVAOMN IFYAN.
  1096 | D:1      | 1096 ||| DRINKING 2 purple potions.
  1097 | D:1      | 1097 ||| DRINKING 2 dark potions.
  1098 | D:1      | 1098 ||| DROPPING scroll of blinking.
  1099 | D:1      | 1099 ||| DROPPING potion of brilliance.
  1397 | D:2      | Reached skill level 4 in Axes
  1397 | D:2      | Reached XP level 3. HP: 17/21 MP: 7/7
  1542 | D:2      | Noticed Sigmund
  1543 | D:2      | 1543 ||| Stepping ~*~*~tactically~*~*~ (hiding).
  1545 | D:2      | 1545 ||| Stepping ~*~*~tactically~*~*~ (hiding).
  1549 | D:2      | 1549 ||| DRINKING potion of curing.
  1549 | D:2      | 1549 ||| (to cure confusion)
  1558 | D:2      | Killed Sigmund
  1559 | D:2      | Reached skill level 6 in Axes
  1559 | D:2      | Reached XP level 4. HP: 18/26 MP: 8/8
  1559 | D:2      | Gained mutation: Your magical nature lets you fly swiftly
                  | and evasively. [Tengu growth]
  1559 | D:2      | Reached XP level 5. HP: 21/30 MP: 9/9
  1866 | D:2      | 1866 ||| Stepping ~*~*~tactically~*~*~ (stealth).
  1868 | D:2      | 1868 ||| Stepping ~*~*~tactically~*~*~ (stealth).
  1964 | D:2      | 1964 ||| DROPPING +0 whip.
  2265 | D:2      | 2265 ||| UPGRADING to +4 ring of evasion.
  2267 | D:2      | 2267 ||| READING scroll labelled PEARGH TAZXOCER.
  2268 | D:2      | 2268 ||| READING scroll labelled XEGGUITHIU.
  2269 | D:2      | 2269 ||| READING scroll labelled ITIAROOZIDA.
  2270 | D:2      | 2270 ||| READING scroll labelled JUAPAUS DOCWIFF.
  2442 | D:3      | Noticed an ogre
  2452 | D:3      | Killed an ogre
  2453 | D:3      | Reached skill level 7 in Axes
  2453 | D:3      | Reached XP level 6. HP: 35/35 MP: 10/10
  2628 | D:3      | 2628 ||| Stepping ~*~*~tactically~*~*~ (stealth).
  2630 | D:3      | 2630 ||| Stepping ~*~*~tactically~*~*~ (stealth).
  2657 | D:3      | HP: 1/36 [orc wizard/puff of flame (10)]
  2658 | D:3      | Slain by an orc wizard

Levels and vault maps discovered:
D:1:      sevenhm_arrival_forest_fort_large_4, layout_loops_ring,
          ebering_ecumenical_altar_box, chequers_arboretum,
          chequers_serial_rivers_micro_d, nicolae_hexahallways,
          dreamdust_princess_bridge, minmay_hedge_maze,
          nicolae_concentric_dashed_squares_wild
D:2:      minmay_general_purpose_star, layout_loops_ring, uniq_sigmund
D:3:      layout_basic, mainiacjoe_overflow_alcove_2,
          mainiacjoe_overflow_boulevard, nicolae_elevator_lobby_asterisk

Skill      XL: |  1  2  3  4  5 |
---------------+----------------+-----
Axes           | 4 6 7 |  7.2
Fighting       | |  2.6
Throwing       | |  1.0
Armour         | |  1.1
Dodging        | |  2.1
Spellcasting   | |  2.0
Translocations | |  2.4

Action                   |  1- 3 |  4- 6 || total
-------------------------+-------+-------++-------
Melee: Hand axe          |    65 |    50 ||   115
       Kick              |    15 |    12 ||    27
       Peck              |     7 |     9 ||    16
Throw: Boomerang         |     7 |    29 ||    36
  Use: Potion            |     3 |       ||     3
       Scroll            |     1 |     4 ||     5
Armor: Leather armour    |    15 |     2 ||    17
Dodge: Dodged            |    31 |    36 ||    67

Table legend:
 A = Non-vault XP
 B = Vault XP
 C = Vault XP percentage of total XP
 D = Non-vault monster count
 E = Vault monster count
 F = Vault count percentage of total count
                 A         B        C        D         E       F
            +---------+---------+-------+---------+---------+-------
      Total |     282 |     217 |  43.5 |      43 |       3 |   6.5
            +---------+---------+-------+---------+---------+-------
        D:1 |      19 |       0 |   0.0 |      11 |       0 |   0.0
        D:2 |      69 |     217 |  75.9 |      23 |       3 |  11.5
        D:3 |     194 |       0 |   0.0 |       9 |       0 |   0.0
            +---------+---------+-------+---------+---------+-------
